 Dungeon Crawl Stone Soup version 0.20.1-1-g8b1a95d (webtiles) character file.

58 Lanoc the Sneak (level 4, 0/37 HPs)
             Began as a Naga Monk on Dec 3, 2017.
             Slain by a kobold
             ... wielding a +0 short sword
              (3 damage)
             ... on level 2 of the Dungeon.
             The game lasted 00:05:09 (970 turns).

Lanoc the Sneak (Naga Monk)                          Turns: 970, Time: 00:05:10

Health: 0/37       AC:  4    Str: 15    XL:     4   Next: 2%
Magic:  4/4        EV: 11    Int:  8    God:
Gold:   103        SH:  0    Dex: 13    Spells: 3/3 levels left

rFire    . . .     SeeInvis +   a - +0 falchion
rCold    . . .     Gourm    .   (no shield)
rNeg     . . .     Faith    .   b - +0 robe
rPois    +         Spirit   .   (no helmet)
rElec    .         Reflect  .   (no cloak)
rCorr    .         Harm     .   (no gloves)
MR       .....                  (no barding)
Stlth    +++.......             (no amulet)
Regen    0.2/turn               (no ring)
MPRegen  0.1/turn               (no ring)

@: very slow
A: molten scales 1, see invisible, deformed body, dopey 1, frail 1, poison
resistance, slowness 2, slow metabolism 1, spit poison 1, AC +1
a: Spit Poison


You were on level 2 of the Dungeon.
You were not hungry.

You visited 1 branch of the dungeon, and saw 2 of its levels.

You collected 103 gold pieces.

Inventory:

Hand Weapons
 a - a +0 falchion (weapon)
Armour
 b - a +0 robe (worn)
Scrolls
 d - 4 scrolls of identify {unknown}
 g - 2 scrolls of teleportation {unknown}
 h - 2 scrolls of random uselessness {unknown}
 i - a scroll of blinking {unknown}
 j - a scroll of noise {unknown}
 l - a scroll of recharging {unknown}
Comestibles
 c - 2 bread rations
 f - a royal jelly
 m - 4 chunks of flesh


   Skills:
 + Level 3.4 Fighting
 + Level 3.4 Long Blades
 + Level 2.9 Dodging
 + Level 4.3 Stealth


You had 3 spell levels left.
You didn't know any spells.

Dungeon Overview and Level Annotations

Branches:
Dungeon (2/15)

Altars:


Innate Abilities, Weirdness & Mutations

You cannot wear boots.
Your serpentine skin is tough. (AC +1)
You have supernaturally acute eyesight. (SInv)
Armour fits poorly on your strangely shaped body.
Your system is resistant to poisons. (rPois)
You cover ground very slowly.
You have a slow metabolism.
You can spit poison.
You are partially covered in molten scales. (AC +2)
You are dopey. (Int -2)
You are frail. (-10% HP)


Message History

You closely miss the jackal.
The jackal is heavily wounded.
The jackal bites you.
* * * LOW HITPOINT WARNING * * *
The jackal bites you but does no damage.
You barely miss the jackal.
The jackal is heavily wounded.
The jackal misses you.
You hit the jackal.
You kill the jackal!
You hit the kobold.
The kobold is moderately wounded.
The kobold hits you with a short sword.
* * * LOW HITPOINT WARNING * * *
You closely miss the kobold.
The kobold is moderately wounded.
The kobold hits you with a short sword.
* * * LOW HITPOINT WARNING * * *
The kobold hits you with a short sword.
You die...

#...............(..
#..................
#......(...........
...................
#.................
##.....(......##.
...(.......g.##
###########K## ####
#@# ...# #.# ..#
###.# ..# #...# #.#
###.######..
#.###...........
#.##..##.####..#
#....###.#
####...##..#


You could see a goblin and a kobold.

Vanquished Creatures
  An adder (D:2)
  A gnoll (D:1)
  3 dart slugs
  A leopard gecko (D:1)
  6 bats
  3 goblins (D:1)
  2 hobgoblins (D:1)
  7 jackals
  3 frilled lizards (D:1)
  3 kobolds (D:1)
  3 rats
33 creatures vanquished.

Notes
Turn   | Place    | Note
-------+----------+-------------------------------------------
     0 | D:1      | Lanoc the Naga Monk began the quest for the Orb.
     0 | D:1      | Reached XP level 1. HP: 21/21 MP: 1/1
   166 | D:1      | Reached XP level 2. HP: 21/28 MP: 2/2
   531 | D:1      | Reached XP level 3. HP: 20/34 MP: 3/3
   919 | D:2      | Reached skill level 4 in Stealth
   962 | D:2      | Gained mutation: You are dopey. (Int -2) [potion of mutation]
   962 | D:2      | Gained mutation: You are frail. (-10% HP) [potion of mutation]
   962 | D:2      | Gained mutation: You are partially covered in molten scales. (AC +2) [potion of mutation]
   964 | D:2      | Reached XP level 4. HP: 8/37 MP: 4/4
   970 | D:2      | Slain by a kobold

Skill      XL: |  1  2  3 |
---------------+----------+-----
Stealth        | 4 |  4.3
Fighting       | |  3.4
Long Blades    | |  3.4
Dodging        | |  2.9

Action                   |  1- 3 |  4- 6 || total
-------------------------+-------+-------++-------
Melee: Falchion          |    92 |     6 ||    98
 Abil: Spit Poison       |     3 |       ||     3
  Use: Potion            |     2 |       ||     2
 Stab: Sleeping          |     3 |       ||     3
Armor: Robe              |    27 |     1 ||    28
Dodge: Dodged            |   102 |     3 ||   105
       Rpst.: Falchion   |    34 |       ||    34
